Cogmind - Beta 15 @@@ ROGUE MODE // 2025.09.04 @ 02:31:21 Player: Pitt Result: Destroyed by P4-ZP7(g) with Beamcaster Performance ------------- Evolutions (0) 0 Regions Visited (4) 800 Robots Destroyed (17) 85 Value Destroyed (305) 305 Prototype IDs (0) 0 Alien Tech Used (0) 0 Bonus (300) 300 TOTAL SCORE: 1490 Bonus ------- Registered with UFD 300 Cogmind --------- Core Integrity 0/250 Matter 275/300 Energy 190/200 System Corruption 0% Temperature Warm (145) Movement Core (200) Ox3 Location -8/Scraptown Parts ------- > --- POWER (1) -------- Subdweller Power Source > --- PROPULSION (2) --- (None) > --- UTILITY (2) ------ Small Storage Unit > --- WEAPON (2) ------- (None) > --- INVENTORY (8) ---- Flight Unit Flight Unit Flight Unit Sensor Array Signal Interpreter ECM Suite Datajack Mining Laser Peak State ------------ > --- POWER ------------ Subdweller Power Source > --- PROPULSION ------- Aluminum Leg Armored Leg > --- UTILITY ---------- Small Storage Unit Structural Scanner > --- WEAPON ----------- Small Laser Advanced Assault Cannon > --- INVENTORY -------- Flight Unit Flight Unit Flight Unit Sensor Array Signal Interpreter ECM Suite Datajack Mining Laser [Rating: 15] Favorites ----------- Power Subdweller Power Source Engine Subdweller Power Source Power Core Light Nuclear Core Propulsion Aluminum Leg Leg Aluminum Leg Utility Small Storage Unit Device Improved Terrain Scanner Storage Small Storage Unit Weapon Medium Laser Energy Gun Medium Laser Ballistic Gun Assault Rifle Ballistic Cannon Advanced Assault Cannon Special Weapon Mining Laser Build | -11 -10 -10 -10 -8 ------- Run | Yrd Mat Min Sub Scr Slots Evolved . | . . . . . Power . | . . . . . Propulsion . | . . . . . Utility . | . . . . . Weapon . | . . . . . Parts Attached 19 | 7 6 3 1 2 Power 4 | 1 1 1 1 . Engine 3 | 1 1 . 1 . Core 1 | . . 1 . . Reactor . | . . . . . Propulsion 4 | 2 . 1 . 1 Treads . | . . . . . Leg 4 | 2 . 1 . 1 Wheel . | . . . . . Hover . | . . . . . Flight . | . . . . . Utility 6 | 2 3 1 . . Device 5 | 1 3 1 . . Storage 1 | 1 . . . . Processor . | . . . . . Hackware . | . . . . . Protection . | . . . . . Artifact . | . . . . . Weapon 5 | 2 2 . . 1 Energy Gun 2 | 1 1 . . . Energy Cannon . | . . . . . Ballistic Gun 1 | 1 . . . . Ballistic Cannon 1 | . . . . 1 Launcher . | . . . . . Special Weapon 1 | . 1 . . . Impact Weapon . | . . . . . Slashing Weapon . | . . . . . Piercing Weapon . | . . . . . Special Melee Weapon . | . . . . . Unidentified Prototypes . | . . . . . Parts Lost 4 | . . 2 1 1 Power 2 | . . 1 1 . Propulsion 1 | . . 1 . . Utility . | . . . . . Weapon 1 | . . . . 1 Highest Loss Streak 2 | . . 2 1 1 To Critical Strikes . | . . . . . Average Backups 6 | 2 6 8 8 8 Power . | . . . . . Propulsion 2 | . 1 3 3 3 Utility 2 | . 2 3 3 3 Weapon 1 | 1 1 1 1 1 Tool/Special . | . . . . . Unused Backups 9 | . 4 . . 5 Power . | . . . . . Propulsion 3 | . . . . 3 Utility 3 | . 2 . . 1 Weapon 2 | . 2 . . . Tool/Special 1 | . . . . 1 Average Slot Usage (%) 99 | . 100 98 98 99 Engine 11 | . 14 . 5 14 Core 1 | . . 12 7 . Leg 27 | . 28 27 28 27 Device 14 | . 14 14 14 14 Storage 14 | . 14 14 14 14 Energy Gun 16 | . 14 28 23 15 Ballistic Gun 7 | . 12 . . . Ballistic Cannon 3 | . . . . 12 Peak Build Rating 15 | 9 9 10 9 15 Average Rating 10 | 5 8 8 8 14 On Entrance 6 | . 9 8 9 8 Naked Turns . | . . . . . Heaviest Build 18 | 15 15 15 15 18 Greatest Support 26 | 20 20 20 20 26 Greatest Overweight (x) 1 | . . 1 . . Average Overweight (x) . | . . . . . Largest Inventory Capacity 8 | 8 8 8 8 8 Average Capacity 7 | 6 8 8 8 8 Most Carried 8 | 4 8 8 8 8 Average Carried 6 | 2 6 7 8 8 Final Capacity 8 | 8 8 8 8 8 Final Carried 8 | 4 8 8 8 8 Class Distribution -------------------- 99% | Mutant Dominant Class ---------------- Mutant | -10/Materials Mutant | -10/Mines Mutant | -10/Subcaves Mutant | -8/Scraptown Resources | -11 -10 -10 -10 -8 ----------- Run | Yrd Mat Min Sub Scr Matter Collected 564 | 222 155 102 36 49 Remotely . | . . . . . Salvage Created 454 | 113 196 109 36 . Parts 43 | 11 23 6 3 . Haulers Intercepted . | . . . . . Recyclers Shooed . | . . . . . Parts Field Recycled . | . . . . . Retrieved Matter . | . . . . . Parts Self-Destructed . | . . . . . Prevented . | . . . . . Kills | -11 -10 -10 -10 -8 ------- Run | Yrd Mat Min Sub Scr Combat Hostiles Destroyed 8 | . 5 2 1 . Guns 7 | . 5 1 1 . Classes Destroyed 8 | 2 5 . 1 . Builder 2 | . 2 . . . Tunneler 4 | 3 . 1 . . Recycler 1 | 1 . . . . Operator 1 | . 1 . . . Watcher 1 | . 1 . . . Swarmer 3 | . 3 . . . Grunt 4 | . 2 2 . . Subdweller 1 | . . . 1 . Best Kill Streak 3 | 2 3 2 1 . Combat Bots Only 3 | . 3 2 1 . Max Kills in Single Turn 1 | 1 1 1 1 . Gunslinging . | . . . . . Exploded . | . . . . . Melee . | . . . . . Uniques/NPCs Destroyed . | . . . . . Combat | -11 -10 -10 -10 -8 -------- Run | Yrd Mat Min Sub Scr Hostile Shots Fired 113 | . 29 18 10 56 Missed 25 | . 10 4 2 9 Hits 88 | . 19 14 8 47 Melee 19 | . . . . 19 Projectile 69 | . 19 14 8 28 Critical Strikes 2 | . . . . 2 Damage Taken 1062 | . 172 194 176 520 Core 250 | . . 31 48 171 Absorbed by Shields . | . . . . . Regen/Repaired (Parts) 353 | . . . . 353 Core Remaining (%) 100 | 100 . . . . Volleys Fired 59 | 6 29 10 9 5 Largest 2 | 2 2 2 2 2 Hottest 100 | 70 100 90 100 80 Shots Fired 114 | 12 55 20 17 10 Gun 106 | 12 53 20 16 5 Cannon 5 | . . . . 5 Launcher . | . . . . . Special 3 | . 2 . 1 . Kinetic 38 | 6 27 . . 5 Thermal 76 | 6 28 20 17 5 Explosive . | . . . . . Electromagnetic . | . . . . . Robot Hit Streak 11 | 6 7 9 10 11 Robot Miss Streak 5 | 1 3 2 5 1 Penetration Max . | . . . . . Secondary Targets 2 | . 2 . . . Max Gunslinging Chain 1 | . 1 . . . Shots Hit Robots 68 | 8 28 15 10 7 Core Hits 26 | 5 12 4 3 2 Critical Kills . | . . . . . Critical Parts Destroyed . | . . . . . Critical Strikes 2 | 1 . 1 . . Burn 2 | 1 . 1 . . Melee Attacks . | . . . . . Impact . | . . . . . Slashing . | . . . . . Piercing . | . . . . . Sneak Attacks . | . . . . . Combat Hostiles . | . . . . . Follow-up Attacks . | . . . . . Damage Inflicted 906 | 106 375 180 113 132 Guns 804 | 106 375 180 113 30 Cannons 102 | . . . . 102 Explosions . | . . . . . Melee . | . . . . . Ramming . | . . . . . Kinetic 308 | 43 163 . . 102 Thermal 598 | 63 212 180 113 30 Explosive . | . . . . . Electromagnetic . | . . . . . Impact . | . . . . . Slashing . | . . . . . Piercing . | . . . . . Highest Corruption . | . . . . . Average Corruption . | . . . . . Corruption Purged . | . . . . . Corruption Blocked . | . . . . . Overload Shots . | . . . . . Overflow Damage . | . . . . . Projectiles . | . . . . . Explosions . | . . . . . Melee . | . . . . . Knockbacks 1 | . . . . 1 Impact . | . . . . . Kinetic 1 | . . . . 1 Secondary . | . . . . . Self-Inflicted Damage . | . . . . . Shots . | . . . . . Rammed . | . . . . . Targets Rammed . | . . . . . Kicked . | . . . . . Crushed . | . . . . . Highest Temperature 223 | 27 63 223 . 132 Average Temperature 45 | 11 19 107 . 56 Received Heat Transfer 234 | . 30 111 . 93 Siege Activations . | . . . . . Martial Activations . | . . . . . Shielding Activations . | . . . . . Robots Disrupted . | . . . . . Combat Hostiles . | . . . . . Robots Corrupted . | . . . . . Combat Hostiles . | . . . . . Parts Fried . | . . . . . Impact Corruptions . | . . . . . Robots Melted 1 | . . 1 . . Combat Hostiles 1 | . . 1 . . Parts Melted 5 | 1 1 2 1 . Heat Transferred 1766 | 259 629 545 298 35 Parts Sabotaged . | . . . . . Parts Stolen 3 | . . . . 3 Parts Stripped . | . . . . . Power Chain Reactions . | . . . . . Alert | -11 -10 -10 -10 -8 ------- Run | Yrd Mat Min Sub Scr Maximum Alert Level . | . . . . . Low Security (%) 100 | 100 100 100 . . Level 1 . | . . . . . Level 2 . | . . . . . Level 3 . | . . . . . Level 4 . | . . . . . Level 5 . | . . . . . High Security . | . . . . . Max Security . | . . . . . Peak Influence 65 | 10 65 32 . . Initial 12 | . . 12 . . Average 9 | 1 11 4 . . Influence Increases 259 | 20 181 58 . . Destroy 0b10 Robot/C 140 | . 100 40 . . Destroy 0b10 Robot/NC 45 | 20 20 5 . . Destroy Leader 32 | . 22 10 . . Successful Hack 9 | . 6 3 . . Disable Machine 15 | . 15 . . . Destroy Structure 3 | . 3 . . . Partial Spotted 15 | . 15 . . . Influence Decreases 259 | 20 148 91 . . Entered New Map 21 | . . 21 . . Time Decay 218 | 20 148 50 . . Lost Part 20 | . . 20 . . Squads Dispatched 2 | . 2 . . . Investigation . | . . . . . Extermination . | . . . . . Reinforcement 2 | . 2 . . . Assault . | . . . . . Garrison . | . . . . . Intercept . | . . . . . Searches Triggered . | . . . . . Construction Impeded . | . . . . . Haulers Reinforced . | . . . . . Active Scanning Responses . | . . . . . Cargo Convoy Interrupts . | . . . . . Stealth | -11 -10 -10 -10 -8 --------- Run | Yrd Mat Min Sub Scr Distress Signals 2 | . 2 . . . Communications Jammed . | . . . . . Distress Signals . | . . . . . Times Spotted 31 | . 12 3 1 15 Peak Tracking Total 20 | . 3 5 1 20 Tactical Retreats . | . . . . . Traps | -11 -10 -10 -10 -8 ------- Run | Yrd Mat Min Sub Scr Traps Triggered . | . . . . . Indirectly . | . . . . . Trap Hack Attempts . | . . . . . Triggered . | . . . . . Disarmed . | . . . . . Reprogrammed . | . . . . . Reused . | . . . . . Traps Extracted . | . . . . . Installed . | . . . . . Triggered . | . . . . . Machines | -11 -10 -10 -10 -8 ---------- Run | Yrd Mat Min Sub Scr Machines Disabled 1 | . 1 . . . Max in Single Turn 1 | . 1 . . . Machines Repaired . | . . . . . Machines Dismantled . | . . . . . Machines Sabotaged . | . . . . . Overloaded Fab Kills . | . . . . . Hacking | -11 -10 -10 -10 -8 --------- Run | Yrd Mat Min Sub Scr Machines Accessed 8 | . 3 1 . 4 Terminals 4 | . 3 1 . . Fabricators . | . . . . . Repair Stations . | . . . . . Recycling Units . | . . . . . Scanalyzers . | . . . . . Garrison Access . | . . . . . Total Hacks 44 | . 6 2 . 36 Successful 39 | . 1 2 . 36 Failed 5 | . 5 . . . Catastrophic 2 | . 2 . . . Database Lockouts . | . . . . . Manual 7 | . 6 1 . . Terminals 8 | . 6 2 . . Fabricators . | . . . . . Repair Stations . | . . . . . Recycling Units . | . . . . . Scanalyzers . | . . . . . Garrison Access . | . . . . . Terminal Hacks 37 | . . 1 . 36 Record 36 | . . . . 36 Zone Layout 1 | . . 1 . . Fabricator Hacks . | . . . . . Repair Station Hacks . | . . . . . Recycling Unit Hacks . | . . . . . Scanalyzer . | . . . . . Garrison Access Hacks . | . . . . . Unauthorized Hacks 2 | . 1 1 . . Terminals 2 | . 1 1 . . Track 1 | . . 1 . . Operators 1 | . 1 . . . Fabricators . | . . . . . Repair Stations . | . . . . . Recycling Units . | . . . . . Scanalyzers . | . . . . . Garrison Access . | . . . . . Data Cores Recovered . | . . . . . Used . | . . . . . Hacking Detections 2 | . 2 . . . Full Trace Events . | . . . . . Feedback Events . | . . . . . Feedback Blocked . | . . . . . Robot Schematics Acquired . | . . . . . Robots Built . | . . . . . Authchips . | . . . . . Time . | . . . . . Total Robot Build Rating . | . . . . . Part Schematics Acquired . | . . . . . Parts Built . | . . . . . Authchips . | . . . . . Time . | . . . . . Total Part Build Rating . | . . . . . Parts Repaired . | . . . . . Time . | . . . . . Parts Recycled . | . . . . . Recycled Matter . | . . . . . Retrieved Matter . | . . . . . Retrieved Components . | . . . . . Parts Scanalyzed . | . . . . . Part Schematics Acquired . | . . . . . Parts Damaged . | . . . . . Bothacking | -11 -10 -10 -10 -8 ------------ Run | Yrd Mat Min Sub Scr Used RIF Installer . | . . . . . Robots Hacked . | . . . . . Non-combat . | . . . . . Combat . | . . . . . Robot Hacks Applied . | . . . . . Relay Couplers Released . | . . . . . Fabnet Peak Effective % . | . . . . . Robots Rewired . | . . . . . Allies Hacked . | . . . . . Hacks Repelled . | . . . . . Allies | -11 -10 -10 -10 -8 -------- Run | Yrd Mat Min Sub Scr Total Allies . | . . . . . Largest Group . | . . . . . Highest-Rated Group . | . . . . . Highest-Rated Ally . | . . . . . Total Orders . | . . . . . Ally Attacks . | . . . . . Total Damage . | . . . . . Kills . | . . . . . Allies Corrupted . | . . . . . Allies Melted . | . . . . . Intel | -11 -10 -10 -10 -8 ------- Run | Yrd Mat Min Sub Scr Active Infowar (turns) 3575 | 16 1961 382 253 963 Sensors 301 | . 69 232 . . Terrain 1720 | 16 1704 . . . Structural 1333 | . 174 22 174 963 Seismic 14 | . 14 . . . ECM 207 | . . 128 79 . Robot Analysis Total . | . . . . . Derelict Logs Recovered 1 | . . . . 1 Drone Launches . | . . . . . Drone Recoveries . | . . . . . Exploration | -11 -10 -10 -10 -8 ------------- Run | Yrd Mat Min Sub Scr Turns Passed 3680 | 121 1961 382 253 963 Spaces Moved 1640 | 77 318 281 183 781 Core 5 | 5 . . . . Treads . | . . . . . Legs 1635 | 72 318 281 183 781 Wheels . | . . . . . Hover . | . . . . . Flight . | . . . . . Fastest Speed 50 | 50 120 120 120 120 Average Speed 119 | 115 120 120 120 120 Slowest Speed 190 | 120 120 190 120 120 Overloaded Moves . | . . . . . Propulsion Burnouts . | . . . . . Robots Hopped . | . . . . . Potential Cave-ins . | . . . . . Cave-ins Triggered . | . . . . . Exploration Rate (%) 38 | 5 48 72 12 55 Regions Visited 4 Branch Regions 3 Pre-discovered Areas 1 | . . . . 1 Known Exits Taken . | . . . . . Unknown Exits Taken 4 | 1 1 1 1 . Scrap Searched 2 | . . 1 . 1 Spaces Dug 1 | . 1 . . . Terrain Destroyed 2 | . 1 . . 1 Melee . | . . . . . Projectile 2 | . 1 . . 1 AOE . | . . . . . Terrain Rammed . | . . . . . Walls Destroyed . | . . . . . Machines Disabled . | . . . . . Actions | -11 -10 -10 -10 -8 --------- Run | Yrd Mat Min Sub Scr Total 3223 | 93 1837 301 195 797 Wait 1472 | . 1462 4 . 6 Move 1636 | 76 317 280 182 781 Hop . | . . . . . Pick Up 16 | 4 11 1 . . Fast Attach 12 | 7 1 2 1 1 Attach . | . . . . . Detach . | . . . . . Swap 16 | . 9 3 3 1 Drop 12 | . 8 1 . 3 Fire 59 | 6 29 10 9 5 Melee . | . . . . . Ram . | . . . . . Kick . | . . . . . Crush . | . . . . . Escape Stasis . | . . . . . Rewire . | . . . . . Trap . | . . . . . Miscellaneous . | . . . . . Route ------- -11/Scrapyard -10/Materials -10/Mines -10/Subcaves -8/Scraptown (discovered 1 exit: [*Fac]) History --------- Turn | Location | Event 5 | -11/Scrapyard | Discovered new exit (range 15) 122 | -11/Scrapyard | Entered Materials 317 | -10/Materials | Build established: Mutant 1882 | -10/Materials | Discovered new exit (range 13) 2083 | -10/Materials | Entered Mines 2273 | -10/Mines | Assembled infested the area 2408 | -10/Mines | Found a damaged Exp. Sensor Array with a note attached 2456 | -10/Mines | Discovered new exit (range 8) 2465 | -10/Mines | Entered Subcaves 2466 | -10/Subcaves | Approached by a straggling Scientist 2481 | -10/Subcaves | A swath of the cavern ceiling suddenly collapsed 2569 | -10/Subcaves | Disturbed a concealed Subdweller 2702 | -10/Subcaves | Scientist uncovered a shortcut to Scraptown 2718 | -10/Subcaves | Entered Scraptown 2925 | -8/Scraptown | Visited UFD Registry 2925 | -8/Scraptown | Registered with UFD as "Cogflow" 2966 | -8/Scraptown | Visited CR-KLE's Repair Center 2974 | -8/Scraptown | CR-KLE repaired 7 parts 3018 | -8/Scraptown | Visited Awakened 3054 | -8/Scraptown | Visited Cyclists 3065 | -8/Scraptown | Entered Cyclist Reading Room 3129 | -8/Scraptown | Visited Spacefarers 3350 | -8/Scraptown | Discovered new exit (range 5) 3387 | -8/Scraptown | Scanned Subdweller tech in exchange for log data 3390 | -8/Scraptown | Learned location of Armory (-4) 3639 | -8/Scraptown | Visited IN-MT5's Study 3652 | -8/Scraptown | Attacked by Scraptown defenders 3681 | -8/Scraptown | Core integrity fell below 50% 3681 | -8/Scraptown | Destroyed by P4-ZP7(g) with Beamcaster Last Messages --------------- 03652_ ANNOUNCEMENT: Intruder alert! Defend Scraptown! 03658_ Penetrated by Bolt. 03664_ Slug penetrates Wall. 03664_ Bolt penetrates Wall. 03671_ X7-BQK(j) knocked back. 03672_ Bolt penetrates Wall. 03676_ Aluminum Leg ripped off. 03677_ Penetrated by Bolt. 03677_ Critical hit (Burn: +37). 03677_ Bolt penetrates Wall. 03678_ Critical hit (Impale). 03678_ Adv. Assault Cannon ripped off. 03679_ Penetrated by Bolt. 03680_ Wall collapses. 03680_ Penetrated by Bolt. 03680_ Sml. Laser destroyed. 03680_ BK-XB8(r) follow-up attacks with Ripteeth. 03680_ Arm. Leg ripped off. 03681_ Dropped Structural Scanner. Map ----- +----------------------------------------------------+ | ! "##??##" """# # ##?????????????## | | "##????????"# # ##?????????????## | | ""##????????"# # ##?????????????## | | ####????????"#"X" # ##?????????????## | | ####????????####### ##?????????????## | | ""##????????####### ##?????????????## | | "################# ##?????????????## | | "################# ##?????????????## | | "## ""##""""" # ##?????????????## | | "## " " # ##?????????????## | | ""## " " ## # ##???????? ???## | | """## " ## """ # ##??? ????## | | """## " " ## """ # ##?? ??????## | | """## " " # """ # ### ##### | | ##### "" # """ # #### ############ | | ##### " " # """ # j | | X""## "" " # | | "## " " # " " # | | "## ###""""" # | | "################# | | "########### | | "########## r r | | """########### h h g | | ######x;#;########## ########## | | #### hxxrj ####### #### | | """##"" """### ####""" @r "##???## ????????## | | "##"" "### #### " r k"##???## ????????## | | "##"" "### #### " ""##???## ????????## | | "##"" "### #### " """##??????????????## | | " "##"% "### ####k " ""##??????????????## | | " "##" ! "### ######" k"##??????????????## | | """##""""""### #### " " k"##??????????????## | | ############## ##??##"""""""##??????????????## | | ############## ##??###########??????????????## | | "???##"""##?## ##??###########???############# | | ????##" "##?## ##????????????????############# | | "???## ##### ##????????????????##""""""""""" | | "???## ##### ###?????????########""""" """"" | | "???## ###?????????########"""" " "" | | " ??## ##?#####??### | | " ??## ###?#####??### #####"" "" "" " | | " "?###### ### ####?"""""??""" "####""""""""""" | | " "####### #######??"" ""##""" "####""""""""""" | | " "####### #########"" "##""" "############### | | " "##""""" """""####" ""##"" "############### | | "##""" " " "####"" ""##"" "###"""""""""""# | | """##" "####"" ""##" "###""*=!= [ "# | | #####""""" """""####"" ""##"| "###"" *!!=/ "# | | ########## #########" ""##"" "###"" [ "# | | ########## #########"" ""##"" ""###""" """""""# | +----------------------------------------------------+ Best States ------------- Heat Dissipation 25 Energy Generation 15 Energy Capacity 250 Matter Stores 300 Matter Capacity 300 Sight Range 16 Robot Scan Range 14 Terrain Scan Range 16 Terrain Scan Density 10 ECM Strength 1 Evasion (%) 55 Item Schematics ----------------- None Robot Schematics ------------------ None Fabricated ------------ Nothing Repaired ---------- Nothing Alien Tech Used ----------------- None Achievements -------------- None Challenges ------------ None Game ------ Seed WeightSpliceChip Manual? 0 Play Time 00:31:03 Cumulative 241.1 hours Start 2025.09.04 @ 01:50:37 End 2025.09.04 @ 02:31:21 Sessions 1 Manual Loads 0 Difficulty Rogue Special Mode None Game No. 374 Rogue 374 Adventurer 0 Explorer 0 Win Type - Total 0 Types 0/0/0/0/0/0/0/0/0/0 Lore% 41 Gallery% 52 Achievement% 41 Wizard Run 0 Options --------- Layout 1 ASCII 0 Keyboard 0 Movement Mouse Keybinds 0 Fullscreen 1 Font 16/SmallcapsGlow Map View 55x38 Zoom Use 0% Tactical HUD 1 Map Filters NONE Filters NONE Steam 1 RUN: ee8a8745-5344-455b-aaa6-490136da5236